 Dungeon Crawl Stone Soup version 0.30.1-4-g462c640d31 (webtiles) character file.

Game seed: 4884040730060625436

1604 growler the Zephyrmancer (level 8, 0/36 HPs)
             Began as a Tengu Air Elementalist on Aug 30, 2023.
             Was a Follower of Hepliaklqana.
             Shot with an arrow by a centaur (13 damage)
             ... on level 6 of the Dungeon on Aug 31, 2023.
             The game lasted 00:14:06 (6285 turns).

growler the Zephyrmancer (Tengu Air Elementalist)   Turns: 6285, Time: 00:14:06

Health: 0/36       AC:  2    Str:  9    XL:     8   Next: 94%
Magic:  5/18       EV: 14    Int: 18    God:    Hepliaklqana [*.....]
Gold:   208        SH:  0    Dex: 14    Spells: 9/19 levels left

rFire   . . .        C - +4 whip
rCold   . . .        (no shield)
rNeg    . . .        a - +0 robe
rPois   .            (helmet restricted)
rElec   .            (no cloak)
rCorr   .            (no gloves)
SInv    .            (boots unavailable)
Will    .....        (no amulet)
Stlth   ++           (no ring)
HPRegen 0.26/turn    (no ring)
MPRegen 0.16/turn

%: no passive effects
@: flying quickly and evasively, quick
A: reduced essence, beak, talons 3, nimble flight
a: Renounce Religion, Recall Ancestor, Ancestor Identity


You were on level 6 of the Dungeon.
You worshipped Hepliaklqana.
Hepliaklqana was aware of your devotion.
You visited 2 branches of the dungeon, and saw 7 of its levels.

You collected 208 gold pieces.

Inventory:

Hand Weapons
 C - a +4 whip (weapon)
Armour
 a - a +0 robe (worn)
 u - a scarf of repulsion
Jewellery
 r - a ring of protection from cold
 B - an amulet of reflection
Wands
 l - a wand of flame (17)
 w - a wand of polymorph (1)
 y - a wand of digging (8)
Scrolls
 d - a scroll of magic mapping
 e - 3 scrolls of teleportation {unknown}
 f - 7 scrolls of identify
 h - 2 scrolls of enchant weapon {unknown}
 j - 2 scrolls of poison {unknown}
 m - 2 scrolls of fear {unknown}
 n - a scroll of blinking {unknown}
 o - a scroll of immolation {unknown}
 p - a scroll of vulnerability {unknown}
 q - a scroll of amnesia {unknown}
 A - a scroll of enchant armour {unknown}
Potions
 b - 2 potions of magic
 c - 3 potions of curing
 g - 2 potions of brilliance
 i - a potion of flight
 k - 2 potions of attraction
 s - 2 potions of haste {unknown}
 t - a potion of might {unknown}
 v - a potion of heal wounds {unknown}
 x - a potion of resistance {unknown}
 z - 2 potions of mutation {unknown}


   Skills:
 - Level 2.1 Dodging
 - Level 2.0 Stealth
 - Level 6.0 Spellcasting
 - Level 6.0 Conjurations
 + Level 10.9 Air Magic


You had 9 spell levels left.
You knew the following spells:

 Your Spells              Type           Power      Damage    Failure   Level
a - Shock                 Conj/Air       100%       1d9       1%          1
b - Static Discharge      Conj/Air       70%        2-5/arc   1%          2
c - Swiftness             Air            44%        N/A       1%          3
d - Airstrike             Air            22%        2d(4-20)  1%          4

Your spell library contained the following spells:

 Spells                   Type           Power      Damage    Failure   Level
 Vhi's Electric Charge    Tloc/Air       50%        N/A       3%          3
 Stone Arrow              Conj/Erth      32%        3d9       11%         3
 Arcjolt                  Conj/Air       17%        1d27      11%         5
 Beastly Appendage        Tmut           10%        N/A       12%         1
 Sandblast                Erth           10%        2d5       12%         1
 Blink                    Tloc           10%        N/A       19%         2
 Ensorcelled Hibernation  Hex/Ice        10%        N/A       19%         2
 Passwall                 Tmut/Erth      4%         N/A       19%         2
 Wereblood                Tmut           5%         N/A       19%         2
 Iskenderun's Battlesphe  Conj           27%        2d8       28%         5
 Gell's Gravitas          Tloc           5%         N/A       34%         3
 Spider Form              Tmut/Pois      5%         N/A       34%         3
 Teleport Other           Tloc           5%         N/A       34%         3
 Manifold Assault         Tloc           5%         N/A       75%         4
 Plasma Beam              Fire/Air       12%        2x1d26    89%         6
 Iron Shot                Conj/Erth      8%         9d3       99%         6
 Dispersal                Tloc           2%         N/A       100%        6
 Spellforged Servitor     Conj/Summ      8%         N/A       100%        7
 Storm Form               Tmut/Air       12%        N/A       100%        7


Dungeon Overview and Level Annotations

Branches:
Dungeon (6/15)             Temple (1/1) D:5

Altars:
Ashenzari
Elyvilon
Hepliaklqana
Ru
Sif Muna
Vehumet
Zin
The Shining One

Shops:
D:2 =   D:3 *


Innate Abilities, Weirdness & Mutations

Your life essence is reduced to manifest your ancestor. (-10% HP)
You have a beak for a mouth.
You have claws for feet.
Your magical nature lets you fly swiftly and evasively.


Message History

C - a +4 whip (weapon)
There is a stone staircase leading down here.
You see here a +0 dagger.
A centaur comes into view.
The zap hits the centaur.
The centaur is lightly wounded.
The centaur shouts!
The centaur wields a +0 shortbow.
The centaur shoots an arrow.
The arrow hits you!
The zap hits the centaur but does no damage.
The centaur is lightly wounded.
The centaur shoots an arrow.
The arrow closely misses you.
The centaur shoots an arrow.
The arrow misses you.
Casting: Shock (safe; 1% risk of failure)
Confirm with . or Enter, or press ? or * to list all spells.
Aiming: Airstrike (dangerous; 1% risk of failure)
Press: ? - help, Dir - move target, f/p - centaur
Aim: a centaur, wielding a +0 shortbow (lightly wounded, ally target, empty space bonus: 2/8)
The air twists around and strikes the centaur.
The centaur is moderately wounded.
The centaur shoots an arrow.
The arrow barely misses Reggie B..
The arrow hits you!
The centaur shoots an arrow.
The arrow hits Reggie B.!
Casting: Airstrike (dangerous; 1% risk of failure)
Confirm with . or Enter, or press ? or * to list all spells.
Aiming: Airstrike (dangerous; 1% risk of failure)
Press: ? - help, Dir - move target, f/p - centaur
Aim: a centaur, wielding a +0 shortbow (moderately wounded, ally target, empty space bonus: 2/8)
The air twists around and strikes the centaur.
The centaur is heavily wounded.
The centaur shoots an arrow.
The arrow hits Reggie B.!
Casting: Airstrike (dangerous; 1% risk of failure)
Confirm with . or Enter, or press ? or * to list all spells.
Aiming: Airstrike (dangerous; 1% risk of failure)
Press: ? - help, Dir - move target, f/p - centaur
Aim: a centaur, wielding a +0 shortbow (heavily wounded, ally target, empty space bonus: 1/8)
The air twists around and strikes the centaur.
The centaur is severely wounded.
The centaur shoots an arrow.
The arrow barely misses Reggie B..
The arrow hits you!
You die...

########.###)##
.#
.........R....#
.#
########.###)##
.# #.# #.# c#
#.# #.# R# ##
#.# #R# ##.##
.# #.# #.#
##...## .# #.#
#.###.....# .#
#.# #....@....#
########.#
#####.....#
.........#
##...##
##########
#####


You could see the friendly Reggie B. the ancestor and a centaur (ally target).

Vanquished Creatures
  Eustachio (D:4)
  An ice beast (D:5)
  3 ogres
  2 black bears (D:5)
  3 bullfrogs (D:6)
  2 scorpions
  4 hounds
  2 orc priests (D:6)
  3 iguanas
  3 orc wizards
  2 sleepcaps
  Natasha (thrice) (D:4)
  3 gnolls (D:2)
  9 adders
  2 dart slugs
  9 orcs
  6 endoplasms
  2 giant cockroaches (D:1)
  4 goblins
  11 hobgoblins
  5 quokkas
  3 ball pythons
  6 bats
  6 kobolds
  A rat (D:3)
96 creatures vanquished.

Vanquished Creatures (collateral kills)
  2 orcs (D:6)
2 creatures vanquished.

Grand Total: 98 creatures vanquished

Notes
Turn   | Place    | Note
-------+----------+-------------------------------------------
     0 | D:1      | growler the Tengu Air Elementalist began the quest for the
                  | Orb.
     0 | D:1      | Reached XP level 1. HP: 10/10 MP: 4/4
   385 | D:1      | Reached XP level 2. HP: 15/15 MP: 1/6
   388 | D:1      | Learned a level 2 spell: Static Discharge
  1009 | D:2      | Found Oxeab's Jewellery Shop.
  1014 | D:2      | Reached XP level 3. HP: 7/19 MP: 0/7
  1018 | D:2      | Learned a level 3 spell: Swiftness
  1180 | D:2      | Reached XP level 4. HP: 2/24 MP: 2/9
  1318 | D:2      | Reached skill level 5 in Air Magic
  1907 | D:3      | Found Ituhodam's Assorted Antiques.
  2256 | D:3      | Gained mutation: Your magical nature lets you fly swiftly
                  | and evasively. [Tengu growth]
  2256 | D:3      | Reached XP level 5. HP: 26/28 MP: 2/10
  2327 | D:3      | Learned a level 4 spell: Airstrike
  2648 | D:5      | Entered Level 5 of the Dungeon
  2704 | D:5      | Noticed a black bear
  2711 | D:5      | Killed a black bear
  2773 | D:5      | Noticed an ice beast
  2782 | D:5      | Killed an ice beast
  2783 | D:5      | Reached skill level 6 in Air Magic
  2783 | D:5      | Reached XP level 6. HP: 6/32 MP: 2/12
  2907 | D:5      | Reached skill level 5 in Conjurations
  3428 | D:5      | Reached XP level 7. HP: 35/36 MP: 7/14
  3552 | D:5      | Found a staircase to the Ecumenical Temple.
  3568 | Temple   | Entered the Ecumenical Temple
  3579 | Temple   | Became a worshipper of Hepliaklqana the Forgotten
  3702 | D:5      | Reached skill level 7 in Air Magic
  3911 | D:4      | Noticed Eustachio
  3915 | D:4      | Killed Eustachio
  4068 | D:4      | Noticed Natasha
  4073 | D:4      | Killed Natasha
  4075 | D:4      | Reached skill level 5 in Spellcasting
  4148 | D:4      | Noticed Natasha
  4150 | D:4      | Killed Natasha
  4151 | D:4      | Reached skill level 8 in Air Magic
  4284 | D:4      | Noticed Natasha
  4287 | D:4      | Killed Natasha
  4288 | D:4      | Reached XP level 8. HP: 27/41 MP: 11/16
  4473 | D:4      | Identified the +2 ring mail "Neuhum" {Rampage rCorr Int-2
                  | Dex+4}
  5322 | D:6      | Reached skill level 9 in Air Magic
  5673 | D:6      | Reached skill level 10 in Air Magic
  5929 | D:6      | Reached * piety under Hepliaklqana
  6285 | D:6      | Shot with an arrow by a centaur

Illustrated notes

Levels and vault maps discovered:
D:1:      minmay_arrival_loop, layout_basic, kennysheep_pointless_box
D:2:      layout_rooms, serial_shops, shop
D:3:      layout_rooms, serial_shops, shop, grunt_decor_junction, nicolae_titane
D:4:      layout_basic, serial_park_tiny_2, uniq_natasha, uniq_eustachio
D:5:      layout_loops_ring, temple_hall, serial_bayou_lake_a
D:6:      layout_loops_ring, lemuel_round_altar
Temple:   hellmonk_temple_two_chambers

Skill      XL: |  1  2  3  4  5  6  7  8 |
---------------+-------------------------+-----
Conjurations   | 2 3 4 5 6 |  6.0
Air Magic      | 5 6 8 10 | 10.9
Spellcasting   | 3 4 5 6 |  6.0
Dodging        | |  2.1
Stealth        | |  2.0

Action                     |  1- 3 |  4- 6 |  7- 9 || total
---------------------------+-------+-------+-------++-------
  Melee: Unarmed           |     4 |     1 |       ||     5
   Cast: Shock             |    45 |    86 |    92 ||   223
         Static Discharge  |     3 |    16 |    25 ||    44
         Airstrike         |       |       |    10 ||    10
 Invoke: Ancestor Identity |       |       |     1 ||     1
    Use: Scroll            |       |     5 |       ||     5
 Armour: Robe              |     2 |     4 |     3 ||     9
  Dodge: Dodged            |     8 |     9 |    18 ||    35
